 Dungeon Crawl Stone Soup version 0.31-a0-278-g485e682e34 (webtiles) character file.

Game seed: 5907222227487494713

2422 AdnanSaban the Basher (level 9, -1/55 HPs)
             Began as a Gargoyle Fighter on July 16, 2023.
             Was a Follower of Okawaru.
             Slain by a gnoll
             ... wielding a +1 halberd of draining
              (8 damage)
             ... in a bailey.
             The game lasted 00:12:21 (7549 turns).

AdnanSaban the Basher (Gargoyle Fighter)            Turns: 7549, Time: 00:12:22

Health: -1/55      AC: 21    Str: 24    XL:     9   Next: 48%
Magic:  8/9        EV:  7    Int:  9    God:    Okawaru [*.....]
Gold:   374        SH:  5    Dex:  9    Spells: 8/8 levels left

rFire   . . .        a - +0 flail
rCold   . . .        c - +0 buckler
rNeg    + . .        o - +0 plate armour
rPois   ∞            (no helmet)
rElec   +            (no cloak)
rCorr   .            (no gloves)
SInv    .            t - +0 pair of boots
Will    .....        (no amulet) Stlth
                     (no ring)
HPRegen 0.29/turn    (no ring)
MPRegen 0.11/turn

%: no passive effects
@: no status effects
A: sickness immunity, AC +6, negative energy resistance 1, electricity
resistance, torment resistance 1, petrification resistance
a: Renounce Religion, Heroism


You were in a bailey.
You worshipped Okawaru.
Okawaru was aware of your devotion.
You visited 2 branches of the dungeon, and saw 8 of its levels.
You also visited: Bailey.

You collected 374 gold pieces.

Inventory:

Hand Weapons
 a - a +0 flail (weapon)
Armour
 c - a +0 buckler (worn)
 o - a +0 plate armour (worn)
 t - a +0 pair of boots (worn)
Jewellery
 m - a ring of magical power
 p - an amulet of magic regeneration
 r - an amulet of guardian spirit
 s - an amulet of regeneration
 A - an amulet of the acrobat
Wands
 w - a wand of flame (12)
 B - a wand of polymorph (7)
Scrolls
 b - a scroll of poison {unknown}
 e - 5 scrolls of identify {unknown}
 h - a scroll of fear {unknown}
 n - a scroll of torment {unknown}
 q - a scroll of amnesia {unknown}
 v - a scroll of vulnerability {unknown}
 y - a scroll of enchant weapon {unknown}
 z - a scroll of brand weapon {unknown}
Potions
 d - 2 potions of might
 f - 3 potions of haste {unknown}
 g - 8 potions of heal wounds {unknown}
 i - 3 potions of mutation {unknown}
 j - 2 potions of brilliance {unknown}
 k - a potion of resistance {unknown}
 l - 3 potions of curing {unknown}
 u - a potion of cancellation {unknown}
 x - a potion of lignification {unknown}
 C - a potion of magic {unknown}


   Skills:
 + Level 5.9 Fighting
 + Level 8.7 Maces & Flails
 + Level 7.8 Armour
 + Level 6.1 Shields


You had 8 spell levels left.
You didn't know any spells.
Your spell library contained the following spells:

 Spells                   Type           Power      Damage    Failure   Level
 Shock                    Conj/Air       0%         1d3       99%         1
 Sting                    Tmut/Pois      0%         1d3       99%         1
 Poisonous Vapours        Pois/Air       0%         N/A       100%        2
 Ozocubu's Armour         Ice            0%         N/A       100%        3
 Swiftness                Air            0%         N/A       100%        3
 Airstrike                Air            0%         2d(0-16)  100%        4
 Olgreb's Toxic Radiance  Pois           0%         N/A       100%        4
 Ozocubu's Refrigeration  Ice            0%         4d7       100%        7


Dungeon Overview and Level Annotations

Branches:
Dungeon (7/15)             Temple (1/1) D:6          Bailey (1/1)

Altars:
Ashenzari
Cheibriados
Dithmenos
Gozag
Kikubaaqudgha
Nemelex Xobeh
Okawaru
Qazlal
Ru
Trog
Uskayaw
Wu Jian
Xom
Yredelemnul
The Shining One


Innate Abilities, Weirdness & Mutations

You are immune to sickness and miasma.
Your stone body is resilient. (AC +6)
You are immune to poison.
You resist negative energy. (rN+)
You are resistant to electric shocks. (rElec)
You are resistant to unholy torment.
You are immune to petrification.


Message History

You hit the orc knight.
The orc knight is lightly wounded.
You feel like a meek peon again.
The orc knight hits you but does no damage.
The gnoll hits you from afar with a +1 halberd of draining!
You are too injured to fight recklessly!
You are too injured to fight recklessly!
You are too injured to fight recklessly!
You are too injured to fight recklessly!
You are too injured to fight recklessly!
You are too injured to fight recklessly!
You are too injured to fight recklessly!
You are too injured to fight recklessly!
You are too injured to fight recklessly!
You closely miss the orc knight.
The orc knight is lightly wounded.
The orc knight barely misses you. You block the gnoll's attack.
You sock the orc knight!
The orc knight is moderately wounded.
The orc knight barely misses you. The gnoll hits you but does no damage.
You thump the orc knight!
The orc knight is moderately wounded.
The orc knight hits you with a +0 halberd!
* * * LOW HITPOINT WARNING * * *
The gnoll barely misses you.
You miss the orc knight.
The orc knight is moderately wounded.
The orc knight barely misses you. The gnoll hits you but does no damage.
You closely miss the orc knight.
The orc knight is moderately wounded.
You sock the orc knight!
The orc knight is heavily wounded.
The orc knight hits you but does no damage.
The gnoll hits you but does no damage.
You thump the orc knight!
The orc knight is severely wounded.
The orc knight hits you with a +0 halberd!
* * * LOW HITPOINT WARNING * * *
The gnoll hits you from afar with a +1 halberd of draining!
You die...

.....## ##.....##
.....#####.....###
..∩..')#.'..⌠..'.#
.....#####.....###
.....## ##.....##
##'##'###'##'##'##
##.###)#)###)###)#
### ##### ### #'#
#.#.###)###@# ##+
+###'##'##o## !.!
##....g## .!.!
###....)### !.⌠.
#)'..).)'.# !.!.
###.....### .!#
##.....#
#'###'##'##'#
#)'.###.# #.#


You could see an orc knight and a gnoll.

Vanquished Creatures
  Prince Ribbit (D:6)
  Grinder (D:4)
  Sigmund (D:6)
  3 ice beasts (D:6)
  An orc warrior (D:6)
  2 ogres
  A phantom (D:4)
  A bullfrog (D:6)
  A gnoll sergeant (D:6)
  2 scorpions (D:6)
  A vampire bat (D:3)
  2 jellies
  A gnoll bouda (D:7)
  3 orc priests (D:6)
  2 hounds
  8 iguanas
  An iron imp (D:3)
  Terence (D:2)
  3 sleepcaps
  Natasha (thrice) (D:4)
  18 gnolls
  2 adders
  3 shadow imps
  A worm (D:2)
  2 dart slugs
  26 orcs
  7 ball pythons
  6 endoplasms
  13 goblins
  8 hobgoblins
  7 kobolds
  7 quokkas
  11 bats
  3 frilled lizards
  3 rats (D:1)
156 creatures vanquished.

Notes
Turn   | Place    | Note
-------+----------+-------------------------------------------
     0 | D:1      | AdnanSaban the Gargoyle Fighter began the quest for the
                  | Orb.
     0 | D:1      | Reached XP level 1. HP: 14/14 MP: 1/1
   138 | D:1      | Reached XP level 2. HP: 17/19 MP: 2/2
   408 | D:1      | Reached XP level 3. HP: 23/23 MP: 3/3
   633 | D:2      | Noticed Terence
   641 | D:2      | Killed Terence
   642 | D:2      | Reached skill level 3 in Maces & Flails
   642 | D:2      | Reached XP level 4. HP: 19/29 MP: 4/4
  1320 | D:3      | Noticed Natasha
  1324 | D:3      | Noticed Grinder
  1368 | D:4      | Killed Natasha
  1369 | D:4      | Reached XP level 5. HP: 10/33 MP: 5/5
  1535 | D:3      | Paralysed by Grinder for 2 turns
  1594 | D:4      | Paralysed by Grinder for 3 turns
  1976 | D:3      | Reached skill level 4 in Maces & Flails
  2096 | D:3      | Reached XP level 6. HP: 36/38 MP: 6/6
  2197 | D:3      | Found a snail-covered altar of Cheibriados.
  2477 | D:4      | Killed Grinder
  2478 | D:4      | Reached skill level 5 in Maces & Flails
  2478 | D:4      | Reached XP level 7. HP: 25/44 MP: 7/7
  2561 | D:4      | Noticed Natasha
  2779 | D:3      | Reached skill level 5 in Armour
  3028 | D:4      | Killed Natasha
  3055 | D:4      | Found a shadowy altar of Dithmenos.
  3098 | D:4      | Found a shimmering altar of Xom.
  3206 | D:4      | Noticed Natasha
  3219 | D:4      | Killed Natasha
  3220 | D:4      | Reached skill level 6 in Maces & Flails
  3483 | D:4      | Found a sparkling altar of Nemelex Xobeh.
  3516 | D:5      | Entered Level 5 of the Dungeon
  3785 | D:6      | Reached skill level 5 in Shields
  3928 | D:5      | Reached XP level 8. HP: 45/48 MP: 8/8
  4503 | D:6      | Noticed Sigmund
  4532 | D:6      | Reached skill level 5 in Fighting
  4554 | D:6      | Killed Sigmund
  4744 | D:6      | Reached skill level 7 in Maces & Flails
  4957 | D:6      | Found a staircase to the Ecumenical Temple.
  4970 | Temple   | Entered the Ecumenical Temple
  5050 | Temple   | Became a worshipper of Warmaster Okawaru
  5067 | D:6      | Found a bloodstained altar of Trog.
  5283 | D:6      | Reached XP level 9. HP: 45/54 MP: 9/9
  5378 | D:6      | Reached * piety under Okawaru
  5462 | D:6      | Noticed Prince Ribbit
  5474 | D:6      | Reached skill level 8 in Maces & Flails
  5679 | D:6      | Killed Prince Ribbit
  6277 | D:6      | Found an ancient bone altar of Kikubaaqudgha.
  6329 | D:6      | Found a broken altar of Ashenzari.
  6452 | D:6      | Found a stormy altar of Qazlal.
  6966 | D:7      | Found a flagged portal.
  6972 | Bailey   | Entered a bailey
  7514 | Bailey   | Noticed an orc knight
  7549 | Bailey   | Slain by a gnoll

Illustrated notes

Levels and vault maps discovered:
D:1:      eino_arrival_water_star, layout_basic
D:2:      layout_basic, uniq_terence
D:3:      layout_rooms, slow_altar_2, roderic_batcave, minmay_misc_feat_columns,
          lightli_corner_chamber, uniq_grinder, uniq_natasha
D:4:      layout_gridville, mainiacjoe_overflow_six_doors_small,
          mainiacjoe_overflow_catwalk, nemelex_diamond_rough_becter,
          minmay_bisected
D:5:      layout_loops_cross
D:6:      layout_layer_cave, trog_butcher_becter, kiku_gazebo_garden_becter,
          mainiacjoe_overflow_two_lobes, minmay_temple_entry_glassed_door,
          uniq_sigmund, uniq_prince_ribbit1
D:7:      layout_loops_ring, enter_bailey_4, serial_shops, shop, chequers_garden
Temple:   nicolae_temple_great_sept
Bailey:   bailey_polearm_nasty_gnolls, bailey

Skill      XL: |  1  2  3  4  5  6  7  8  9 |
---------------+----------------------------+-----
Maces & Flails | 3 4 5 6 7 8 |  8.7
Armour         | 4 5 6 7 |  7.8
Fighting       | 4 5 |  5.9
Shields        | 4 5 6 |  6.1

Action                     |  1- 3 |  4- 6 |  7- 9 || total
---------------------------+-------+-------+-------++-------
  Melee: Flail             |   109 |   180 |   469 ||   758
 Invoke: Heroism           |       |       |     1 ||     1
 Armour: Scale mail        |    82 |    10 |       ||    92
         Plate armour      |       |   190 |   308 ||   498
  Dodge: Dodged            |    56 |    85 |   130 ||   271
  Block: Buckler           |    27 |    63 |   105 ||   195

Table legend: (Time is in decaauts)
 A = Elapsed time spent in this place.
 B = Non-inter-level travel time spent in this place.
 C = Inter-level travel time spent in this place.
 D = Time resting spent in this place.
 E = Time spent auto-exploring this place.
 F = Levels seen in this place.
 G = Mean time per level.
                   A        B        C        D        E       F      G
               +--------+--------+--------+--------+--------+-----+--------+
         Total |   7672 |   7282 |    390 |   1207 |   4443 |   9 |  852.4 |
       Dungeon |   7009 |   6627 |    382 |    956 |   4260 |   7 | 1001.3 |
        Temple |     89 |     81 |      8 |      0 |     66 |   1 |   89.0 |
        Bailey |    573 |    573 |      0 |    251 |    117 |   1 |  573.0 |
               +--------+--------+--------+--------+--------+-----+--------+

Top non-repeatable levels by time:
     D:6: 2328 daAuts
     D:4: 1276 daAuts
     D:3: 1053 daAuts
     D:2: 861 daAuts
     D:5: 684 daAuts
  Bailey: 573 daAuts
     D:1: 554 daAuts
     D:7: 250 daAuts
  Temple: 89 daAuts
